Unix NetHack Version 5.0.0-0 post-release - last build Jun 10 2026 00:39:30 (3ee93aec679c4c4259841fe613dc97188e26a321,branch:main).

Game began 2026-06-20 19:16:43, ended 2026-06-24 04:08:46.

Kwijibo4686, neutral female human Valkyrie

#################################################c#######D###q####H############
########B################q###################D####q############################
#############################################################D#################
####################################@###D#A################HA####A########V##z#
###################################D###################X############A#######Y##
###D##############################D#########@##z#####D#OA#####@#q#####H########
##########J########################################D#UU###H####################
########################################N#######V#U####@@########c##B##N#######
#############################Y#########E#############D#DD################V#####
##################################################g###UD############A######q###
#######################################A###########D#UDHX#D############q#######
############################################D########AD@#T#####################
##############################################z###E####A#O##################D##
#######################################################D##D##D################2
###&########A###############################D###############################w##
###################################################D####HH###############D##DH@
#######################################H####################D#############J5HDY
####################Y#############################@##########A###########TTADHw
#################################################c#######################DDAD#H
#########################################H#########Q########w###########DNDDH@D
##################################E##g######H#######################X###DDAEED@
Kwijibo4686 the Heroine     St:25 Dx:17 Co:16 In:15 Wi:18 Ch:13  Neutral
Air $:546 HP:0(353) Pw:23(23) AC:-38 Xp:23 T:62246  Stone Blind Deaf Stun Lev

Latest messages:
 The guardian naga doesn't budge!
 The black dragon misses the guardian naga.
 The invisible titan hits the dwarf zombie.
 The black dragon bites the dwarf zombie.
 The dwarf zombie is destroyed!
 The Aleax swings her long sword at the black dragon.
 The Aleax hits the black dragon.
 The Aleax swings her long sword at the black dragon.
 The Aleax misses the black dragon.
 The Aleax hits the black dragon.
 The Olog-hai hits the invisible stalker.
 The Olog-hai hits the invisible stalker.
 The Olog-hai bites the invisible stalker.
 The Aleax swings her long sword at the guardian naga.
 The Aleax hits the guardian naga.
 The Aleax swings her long sword at the guardian naga.
 The Aleax hits the guardian naga.
 The Aleax misses the guardian naga.
 The iron golem hits the Olog-hai.
 The Olog-hai bashes with her hilted polearm at the invisible stalker.
 The Olog-hai hits the invisible stalker.
 The invisible stalker is killed!
 The white dragon bites the invisible elf-lord.
 The invisible elf-lord is killed!
 The jabberwock bites the Olog-hai.
 The jabberwock bites the Olog-hai.
 The jabberwock misses the Olog-hai.
 The jabberwock hits the Olog-hai.
 The silver dragon bites the black dragon.
 The silver dragon hits the black dragon.
 The silver dragon hits the black dragon.
 The captain swings her corpse at the invisible titan.
 The captain misses the invisible titan.
 The captain swings her corpse at the invisible titan.
 The captain misses the invisible titan.
 The captain swings her corpse.
 The captain misses!
 The captain swings her corpse.
 The captain misses!
 You are blinded by the invisible Archon's radiance!
 You stagger...
 The invisible titan casts a spell!
 Monsters appear from nowhere!
 You are a statue.
 Do you want your possessions identified? [ynq] (y) y
 Do you want to see your attributes? [ynq] (y) y
 Do you want an account of creatures vanquished? [ynaq] (y) y
 Do you want a list of species genocided and extinct? [ynaq] (y) y
 Do you want to see your conduct and achievements? [ynq] (y) y
 Do you want to see the dungeon overview? [ynq] (y) y

Inventory:
 Coins    ('$')
  $ - 546 gold pieces
 Amulets  ('"')
  p - the Amulet of Yendor
 Weapons  (')')
  t - the blessed rustproof +7 Mjollnir (weapon in left hand)
 Armor    ('[')
  j - a blessed +4 helm of telepathy (being worn)
  n - an uncursed rustproof +4 pair of gauntlets of power (being worn)
  N - an uncursed thoroughly burnt +0 pair of levitation boots (being worn)
  c - a blessed fireproof +4 pair of speed boots
  L - a blessed +4 shield of reflection (being worn)
  b - a blessed fireproof +4 cloak of displacement (being worn)
  M - a blessed +5 Hawaiian shirt with a water nymph motif (being worn)
  r - a blessed +4 gray dragon scale mail (being worn)
 Comestibles  ('%')
  X - an uncursed partly eaten food ration
  x - an uncursed lizard corpse
 Scrolls  ('?')
  l - an uncursed scroll of teleportation
 Spellbooks  ('+')
  w - the uncursed Book of the Dead
 Potions  ('!')
  i - an uncursed potion of extra healing
  k - an uncursed potion of gain level
  f - an uncursed potion of healing
 Rings    ('=')
  o - a cursed ring of conflict (on left hand)
  P - a cursed ring of regeneration (on right hand)
 Wands    ('/')
  T - a cursed wand of cancellation (0:7)
  u - a wand of death (0:7)
  E - a wand of death (0:0)
  q - a wand of digging (0:8)
  C - a wand of fire (0:6)
  v - a wand of fire (0:3)
  W - a wand of lightning (0:8)
  m - a wand of make invisible (0:2)
  s - a wand of striking (0:7)
  I - a wand of striking (0:5)
  O - a wand of striking (0:0)
  U - a wand of teleportation (0:8)
 Tools    ('(')
  a - a blessed bag of holding containing 47 items
  K - an empty uncursed oilskin sack
  z - the cursed Bell of Opening (0:2)
  S - the cursed Candelabrum of Invocation (0 of 7 candles attached)
  y - the blessed Orb of Fate (0:5)
  d - a blessed +0 unicorn horn
 Gems/Stones  ('*')
  g - an uncursed dilithium crystal
  B - a blessed luckstone

Contents of the bag of holding:
  36432 gold pieces
  an uncursed amulet of magical breathing
  the rustproof +2 Ogresmasher
  an uncursed +0 pair of water walking boots
  an uncursed +0 mummy wrapping
  an uncursed +0 oilskin cloak
  5 uncursed food rations
  a cursed lizard corpse
  an uncursed scroll of blank paper
  an uncursed scroll of create monster
  a blessed scroll of gold detection
  an uncursed scroll of gold detection
  a cursed scroll of gold detection
  an uncursed scroll of teleportation
  a potion of holy water
  a cursed ring of invisibility
  an uncursed blindfold
  an uncursed lock pick
  a blessed magic lamp
  an uncursed magic lamp
  an uncursed magic lamp
  a blessed magic marker (0:42)
  a magic marker (0:64)
  a magic marker (0:20)
  an uncursed magic whistle
  a +0 pick-axe
  an uncursed skeleton key
  3 uncursed agate stones
  7 uncursed amber stones
  6 uncursed amethyst stones
  3 uncursed aquamarine stones
  3 uncursed black opals
  3 uncursed citrine stones
  8 uncursed diamonds
  8 uncursed emeralds
  2 uncursed fluorite stones
  2 uncursed garnet stones
  2 uncursed jacinth stones
  4 uncursed jade stones
  9 uncursed jasper stones
  3 uncursed jet stones
  13 uncursed obsidian stones
  3 uncursed opals
  8 uncursed rubies
  10 uncursed sapphires
  5 uncursed topaz stones
  a blessed touchstone

Kwijibo4686 the Valkyrie's attributes:

Background:
 You were a Heroine, a level 23 human Valkyrie.
 You were neutral, on a mission for Odin
 who was opposed by Tyr (lawful) and Loki (chaotic).
 You were left-handed.
 You were in the endgame, on the Elemental Plane of Air.
 You entered the dungeon 62246 turns ago.
 It was nighttime.
 You had 30017244 experience points, 9982756 more were needed for level 24.

Basics:
 You had 0 out of 353 hit points.
 You had all 23 energy points (spell power).
 Your armor class was -38.
 Your wallet contained 546 zorkmids, and
 you had 36432 more stashed away in your pack.
 Autopickup was on for '$?!/="' plus thrown.

Final Characteristics:
 Your strength was 25 (base:18/23, peak:18/25, innate limit:18/100).
 Your dexterity was 17 (peak:18, limit:18).
 Your constitution was 16 (peak:18, limit:18).
 Your intelligence was 15 (limit:18).
 Your wisdom was 18 (limit:18).
 Your charisma was 13 (limit:18).

Final Status:
 You were levitating.
 You turned into stone.
 You were stunned.
 You were temporarily blind.
 You were deaf.
 You weren't hungry.
 You were unencumbered.
 You were wielding a hammer.
 You had expert skill with hammer.

Final Attributes:
 You were piously aligned.
 You were magic-protected.
 You were fire resistant.
 You were cold resistant.
 You were sleep resistant.
 You were disintegration resistant.
 You were shock resistant.
 You were poison resistant.
 You would have seen invisible when not blind.
 You were telepathic.
 You were warned.
 You were displaced.
 You were stealthy.
 You caused conflict.
 You regenerated.
 You had a moderate defense bonus (+9).
 You were warded.
 You took half physical damage.
 You took half spell damage.
 You had reflection.
 You were extremely lucky.
 You had extra luck.
 Good luck did not time out for you.
 You are dead (3rd time!).

Miscellaneous:
 You encountered 2 bones levels.
 Total elapsed playing time was 18 hours, 51 minutes and 21 seconds.

Major events:
 Turn
    1: Kwijibo4686 the neutral human Valkyrie entered the dungeon
  876: entered the Gnomish Mines
  887: attained the rank of Skirmisher (level 3)
 1785: reached Mine Town
 1856: attained the rank of Fighter (level 6)
 4332: acquired the Mines' End luckstone
 6065: entered Sokoban
 6397: completed 1st Sokoban level
 6630: completed 2nd Sokoban level
 6852: completed 3rd Sokoban level
 7468: completed 4th Sokoban level
 8699: acquired the Sokoban bag of holding
10256: attained the rank of Woman-at-arms (level 10)
12485: entered Home 1, the Quest
18505: was bestowed with Mjollnir by Odin
20178: made her first wish - "blessed +2 gray dragon scale mail", got "a gray dragon scale mail"
24577: attained the rank of Warrior (level 14)
25292: wished for "blessed +2 fixed cloak of displacement", got "a piece of cloth"
25975: the Norn has granted access to proceed deeper into the quest
25997: entered Home 2, the Quest
26094: entered Home 3, the Quest
26272: entered Home 4, the Quest
26529: entered Home 5, the Quest
26694: entered Home 6, the Quest
26806: found the Orb of Fate on the floor
26843: killed Lord Surtur
26846: acquired the Bell of Opening
27286: performed her first genocide (class h)
28026: killed Medusa
28320: entered Gehennom
31774: attained the rank of Swashbuckler (level 18)
31858: genocided green slimes
31861: wished for "blessed tin of black dragon meat", got "a tin"
39169: killed Asmodeus
40341: killed Juiblex
42111: killed Baalzebub
42118: genocided class L
43017: wished for "2 blessed potion of gain ability", got "a potion of gain ability"
43041: destroyed Vlad the Impaler
43042: acquired the Candelabrum of Invocation
43279: was bestowed with Ogresmasher by Odin
43927: attained the rank of Heroine (level 22)
45377: killed Yeenoghu
46984: killed Orcus
50355: wished for "blessed +2 fixed speed boots", got "a pair of speed boots"
57046: attained the rank of Champion (level 26)
58288: killed the Wizard of Yendor
58294: acquired the Book of the Dead
58665: performed the invocation
58739: genocided class R
59137: killed the high priest of Moloch
59142: acquired The Amulet of Yendor
59142: wished for "wand of death", got "a marble wand"
59996: killed the Wizard of Yendor (2nd time)
61569: entered the Elemental Planes
61569: entered Plane of Earth
61569: killed the Wizard of Yendor (3rd time)
61688: entered Plane of Air
61872: found Demonbane carried by a monster
62040: averted death (killed by a vampire lord)
62156: averted death (killed by an invisible ki-rin)
62246: petrified by a captain, while hiding from thunderstorm

Spells:
 Name                 Level Category     Fail Retention
 force bolt             1   attack       100%    (gone)
 detect food            2   divination   100%    1%-25%

Skills:
 Fighting Skills
   bare handed combat [Unskilled]
   two weapon combat  [Unskilled]
   riding             [Unskilled]
 Weapon Skills
   dagger             [Basic]
   axe                [Unskilled]
   pick-axe           [Unskilled]
   short sword        [Unskilled]
   broadsword         [Unskilled]
   long sword         [Unskilled]
   two-handed sword   [Unskilled]
   saber              [Unskilled]
   hammer             [Expert]
   quarterstaff       [Unskilled]
   polearms           [Unskilled]
   spear              [Expert]
   trident            [Unskilled]
   lance              [Unskilled]
   sling              [Unskilled]
 Spellcasting Skills
   attack spells      [Unskilled]
   escape spells      [Unskilled]

Voluntary challenges:
 Character rerolling was not enabled.
 You genocided 14 types of monsters.
 You never changed form.
 You used 6 wishes.
 You did not wish for any artifacts.
 You did not violate any of the special Sokoban rules.
Achievements:
 You entered a shop.
 You entered the Gnomish Mines.
 You attained the rank of Skirmisher.
 You entered Minetown.
 You entered a temple.
 You attained the rank of Fighter.
 You completed the Gnomish Mines.
 You entered Sokoban.
 You completed Sokoban.
 You attained the rank of Woman-at-arms.
 You attained the rank of Warrior.
 You had the Bell of Opening.
 You defeated Medusa.
 You entered Gehennom.
 You attained the rank of Swashbuckler.
 You had the Candelabrum of Invocation.
 You attained the rank of Heroine.
 You attained the rank of Champion.
 You had the Book of the Dead.
 You gained access to Moloch's Sanctum.
 You had the Amulet of Yendor.
 You reached the Elemental Planes.

 The Elemental Planes:
    Plane of Air: <- You were here.
       Final resting place for
          you, petrified by a captain, while hiding from thunderstorm.
    Plane of Earth:
 The Dungeons of Doom: levels 1 to 28
    Level 1:
       A fountain, a sink.
       One way stairs up to The Elemental Planes.
    Level 2:
       A scroll shop, a fountain.
       Stairs down to The Gnomish Mines.
    Level 3:
       A potion shop.
    Level 4: "chest"
       A general store, a fountain.
    Level 5:
       Many fountains.
       Oracle of Delphi.
    Level 6:
       A weapon shop, some fountains.
       Stairs up to Sokoban, level 5.
    Level 7:
       A fountain.
    Level 8:
    Level 9:
       A fountain.
    Level 10:
       Some fountains.
    Level 11:
       An altar to Odin.
    Level 12:
       Summoned by the Norn.
       Portal to The Quest.
    Level 13: "lot of people + nymph with me stuff"
       A grave.
       Final resting place for
          ARFwashere-Arc-Hum-Fem-Neu, killed by a forest centaur.
    Level 14:
       A grave.
    Level 15:
       A primitive area.
    Level 16:
       An altar.
    Level 17:
       A grave.
    Level 18:
       A fountain.
    Level 19:
       An altar.
    Level 20:
    Level 21:
       A temple and an altar.
    Level 22:
       A sink.
    Level 23:
       A sink, some graves.
    Level 24:
       A sink.
    Level 25:
       A temple and an altar, a fountain.
    Level 26:
       A fountain, many trees.
    Level 27:
    Level 28:
       A throne, a fountain.
       The castle.
       Connection to Gehennom.
 Gehennom: levels 29 to 51
    Level 29:
       A temple and an altar, many graves.
       Valley of the Dead.
    Level 30:
    Level 31:
    Level 32:
    Level 33:
       Some fountains.
    Level 34:
    Level 35:
    Level 36:
    Level 37:
    Level 38:
    Level 39:
       Some shops, an altar, some graves.
       Stairs up to Vlad's Tower, level 38.
    Level 40:
    Level 41:
    Level 42:
    Level 43:
    Level 44:
    Level 45:
    Level 46:
    Level 47:
    Level 48:
    Level 49:
    Level 50:
    Level 51:
       A temple and an altar, many graves.
       Moloch's Sanctum.
 The Gnomish Mines: levels 3 to 11
    Level 3:
    Level 4:
    Level 5:
       Many shops, a temple and an altar, some fountains.
    Level 6:
    Level 7:
       A grave.
       Final resting place for
          unbowed24-Wiz-Hum-Mal-Neu, killed by a giant spider.
    Level 8:
    Level 9:
    Level 10:
    Level 11:
       Some fountains.
 The Quest: levels 1 to 6
    Level 1:
       A fountain.
       Given quest by the Norn.
    Level 2:
    Level 3:
    Level 4:
    Level 5:
    Level 6:
 Sokoban: levels 5 up to 2
    Level 2:
       Solved.
    Level 3:
       Solved.
    Level 4:
       Solved.
    Level 5:
       Solved.
 Vlad's Tower: levels 38 up to 36
    Level 36:
    Level 37:
    Level 38:


Vanquished creatures:
    Asmodeus
    Baalzebub
    Orcus
    Yeenoghu
    Juiblex
the Wizard of Yendor (thrice)
    Vlad the Impaler
  2 arch-liches
  a high cleric
  4 erinyes
  3 mastodons
    Medusa
  8 krakens
 19 iron golems
  4 master liches
  2 ki-rin
 11 storm giants
  a titan
  5 glass golems
 15 balrogs
 14 purple worms
  4 gray dragons
  6 gold dragons
  6 silver dragons
 29 red dragons
  5 white dragons
 13 orange dragons
 11 black dragons
  4 blue dragons
 10 green dragons
 12 yellow dragons
 33 minotaurs
 14 jabberwocks
    Lord Surtur
 15 baluchitheria
 an Angel
  6 demiliches
  3 stone golems
 25 Olog-hai
  3 Nazgul
 21 pit fiends
  4 sandestins
 10 hell hounds
 24 displacer beasts
  4 titanotheres
  5 trappers
  7 baby red dragons
  a baby green dragon
 10 guardian nagas
 13 genetic engineers
  9 disenchanters
 41 vampire leaders
  7 skeletons
  8 aligned clerics
 12 captains
  6 shades
  2 liches
  3 clay golems
 15 nurses
 12 ice devils
 16 nalfeshnees
  5 lurkers above
  4 Aleaxes
  a frost giant
 20 ettins
 28 black puddings
 25 vampires
  2 lieutenants
 34 ghosts
  a queen bee
 16 winged gargoyles
 13 giant mimics
  2 long worms
 14 zruties
 46 fire giants
 24 ogre tyrants
  6 ice trolls
 19 rock trolls
 15 umber hulks
  9 flesh golems
 10 elven monarchs
  3 doppelgangers
 34 hezrous
 21 bone devils
  9 large mimics
  4 wumpuses
  7 fire vortices
 10 couatls
 21 stalkers
 14 air elementals
 12 fire elementals
 17 earth elementals
  7 water elementals
  3 hill giants
  8 giant mummies
  a black naga
 17 xorns
 18 giant zombies
 21 elf-nobles
 15 sergeants
 12 barbed devils
 31 vrocks
  8 salamanders
 18 wargs
  a winter wolf
 18 hell hound pups
 18 small mimics
  7 glass piercers
  a warhorse
 16 steam vortices
 20 xans
  8 ettin mummies
  7 ogre leaders
 11 quantum mechanics
 19 trolls
  a sasquatch
  6 wood golems
 24 mariliths
  2 djinn
  4 sharks
 11 gelatinous cubes
 14 pyrolisks
  a large dog
  6 freezing spheres
 18 flaming spheres
 15 shocking spheres
  a large cat
 11 tigers
 10 gargoyles
  2 dwarf rulers
 11 tengu
 25 ochre jellies
 17 leocrottas
 10 energy vortices
  4 mountain centaurs
  9 stone giants
  5 elf mummies
  9 human mummies
 10 red nagas
  a green slime
  3 pythons
  3 pit vipers
  6 cobras
 46 wraiths
 17 carnivorous apes
 26 ettin zombies
  4 leather golems
 22 Grey-elves
 53 soldiers
 19 amorous demons
 13 horned devils
  9 chameleons
  7 crocodiles
 53 giant beetles
 10 quivering blobs
 35 cockatrices
 16 wolves
  9 winter wolf cubs
  5 lynxes
  4 panthers
 53 gremlins
  7 spotted jellies
 63 leprechauns
  8 orc-captains
  5 iron piercers
  3 mumakil
 21 giant spiders
 16 scorpions
  5 horses
 16 black lights
 16 vampire bats
  4 forest centaurs
  7 gnome rulers
  2 orc mummies
  5 dwarf mummies
  4 ogres
 16 brown puddings
  8 rust monsters
 18 owlbears
  8 yetis
  2 gold golems
  4 werewolves
 13 Green-elves
  2 piranha
 12 giant eels
 17 lizards
 17 chickatrices
  4 dingoes
  a dog
  3 housecats
  3 jaguars
  5 dwarf leaders
  6 blue jellies
  7 white unicorns
  4 black unicorns
 11 dust vortices
 34 ravens
  3 plains centaurs
  5 gnome mummies
  2 snakes
 11 apes
 14 human zombies
  3 rope golems
  8 Woodland-elves
 59 soldier ants
118 fire ants
 21 bugbears
  3 imps
  4 lemures
  7 quasits
  6 wood nymphs
  5 water nymphs
  8 mountain nymphs
 31 Mordor orcs
  9 Uruk-hai
  3 orc shamans
  6 rock piercers
  4 rock moles
  2 ponies
 28 fog clouds
 11 yellow lights
  4 shriekers
  6 violet fungi
 18 gnome leaders
  5 gnomish wizards
  5 kobold mummies
  7 gray oozes
  4 barrow wights
 16 elf zombies
 18 ghouls
  5 straw golems
  6 paper golems
  4 jellyfish
 73 giant ants
  3 little dogs
 17 floating eyes
 23 dwarves
  2 homunculi
  a kobold leader
  4 kobold shamans
 28 hill orcs
 16 rothes
  3 rabid rats
  3 centipedes
  4 giant bats
  a monkey
 16 orc zombies
 16 dwarf zombies
  a werejackal
  7 iguanas
 81 killer bees
  3 acid blobs
  7 coyotes
  2 gas spores
  7 hobbits
 18 manes
  4 large kobolds
 24 hobgoblins
 12 giant rats
  9 cave spiders
  2 brown molds
  6 yellow molds
  3 green molds
  a red mold
 77 gnomes
  2 garter snakes
 16 gnome zombies
 11 geckos
 10 jackals
  2 foxes
  4 kobolds
 10 goblins
  2 sewer rats
 17 grid bugs
  2 bats
  3 lichens
 18 kobold zombies
  8 newts
3326 creatures vanquished.

Genocided or extinct species:
 arch-liches
 erinyes (extinct)
 master liches
 demiliches
 master mind flayers
 disenchanters
 liches
 mind flayers
 dwarf rulers
 green slimes
 rust monsters
 dwarf leaders
 fire ants (extinct)
 bugbears
 dwarves
 hobbits
14 species genocided.
2 species extinct.

Game over:
                       ----------
                      /          \
                     /    REST    \
                    /      IN      \
                   /     PEACE      \
                  /                  \
                  |   Kwijibo4686    |
                  |     36978 Au     |
                  |  petrified by a  |
                  |     captain      |
                  |                  |
                  |                  |
                  |       2026       |
                 *|     *  *  *      | *
        _________)/\\_//(\/(/\)/\//\/|_)_______

Farvel Kwijibo4686 the Valkyrie...

You turned to stone in The Elemental Planes with 2128367 points,
and 36978 pieces of gold, after 62246 moves.
You were level 23 with a maximum of 353 hit points when you turned to stone.

